 Dungeon Crawl Stone Soup version 0.22-a0-240-g539252a (webtiles) character file.

16636 Amnesiac the Prestidigitator (level 12, 0/60 HPs)
             Began as a Spriggan Artificer on Feb 21, 2018.
             Was an Initiate of Gozag.
             Shot with an arrow by a centaur warrior (25 damage)
             ... on level 12 of the Dungeon.
             The game lasted 00:34:04 (16577 turns).

Amnesiac the Prestidigitator (Spriggan Artificer)  Turns: 16577, Time: 00:34:05

Health: 0/60       AC:  7    Str: 14    XL:     12   Next: 11%
Magic:  22/22      EV: 26    Int: 13    God:    Gozag
Gold:   3175       SH:  8    Dex: 17    Spells: 7/11 levels left

rFire    . . .     SeeInvis +   a - +1 hunting sling (freeze)
rCold    + . .     Gourm    .   h - +0 buckler
rNeg     + . .     Faith    .   c - +1 robe {rC+}
rPois    .         Spirit   .   g - +2 hat
rElec    .         Reflect  .   (no cloak)
rCorr    .         Harm     .   (gloves unavailable)
MR       ++...                  (boots unavailable)
Stlth    +++.......             n - amulet of the acrobat
HPRegen  0.20/turn              w - ring of positive energy
MPRegen  0.18/turn              u - +1 ring of evasion

@: barbed spikes, very quick
A: very small, unfitting armour, iridescent scales 1, see invisible, herbivore,
speed 3, slow metabolism 2, strong 1
a: Potion Petition, Call Merchant, Bribe Branch, Renounce Religion


You were on level 12 of the Dungeon.
You worshipped Gozag.
Gozag was most pleased with you.
You were full.

You visited 2 branches of the dungeon, and saw 13 of its levels.
You also visited: Ossuary.

You collected 3255 gold pieces.
You paid 80 gold pieces to Gozag.

Inventory:

Hand Weapons
 a - a +1 hunting sling of freezing (weapon)
 b - the +8 rapier "Usaox" {venom, rC++ Str+7 Int-2}
   (You found it on level 6 of the Dungeon)

   It poisons the flesh of those it strikes.
   It affects your strength (+7).
   It affects your intelligence (-2).
   It greatly protects you from cold.
Missiles
 m - 258 stones
 r - 38 poisoned needles
 z - 22 sling bullets (quivered)
 D - 8 throwing nets
Armour
 c - a +1 robe of cold resistance (worn)
 g - a +2 hat (worn)
 h - a +0 buckler (worn)
Jewellery
 n - an amulet of the acrobat (around neck)
 o - an uncursed ring of wizardry
 u - a +1 ring of evasion (right hand)
 w - a ring of positive energy (left hand)
 C - an uncursed amulet of magic regeneration
Wands
 d - a wand of enslavement (6)
Scrolls
 i - 3 scrolls of fear {!r}
 k - 3 scrolls of magic mapping {!r}
 p - a scroll of enchant weapon {!r}
 q - 7 scrolls of teleportation {!r}
 t - a scroll of enchant armour {!r}
 x - a scroll of amnesia {!r}
 y - 7 scrolls of identify {!r}
 A - a scroll of fog {!r}
 B - 3 scrolls of remove curse {!r}
 F - a scroll of random uselessness {!r, unknown}
 I - 3 scrolls of blinking {!r, unknown}
 K - a scroll of acquirement {!r, unknown}
 M - a scroll of silence {!r, unknown}
Potions
 e - a potion of brilliance {!q, unknown}
 j - 2 potions of agility {!q}
 l - 4 potions of degeneration {!q, unknown}
 s - a potion of haste {!q}
 v - 2 potions of lignification {!q, unknown}
 E - a potion of ambrosia {!q}
 G - a potion of mutation {!q}
 H - 2 potions of heal wounds {!q}
 J - 3 potions of curing {!q}
Miscellaneous
 L - a sack of spiders
Comestibles
 f - 6 rations


   Skills:
 + Level 5.4 Fighting
 + Level 5.1 Short Blades
 - Level 12.0 Slings
 + Level 9.7 Dodging
 - Level 6.0 Stealth
 - Level 7.2 Shields
 * Level 12.4 Evocations


You had 7 spell levels left.
You knew the following spells:

 Your Spells              Type           Power        Failure   Level  Hunger
e - Confuse               Hex            #.......     67%         3    ####...
z - Confusing Touch       Hex            #.....       30%         1    ##.....


Dungeon Overview and Level Annotations

Branches:
Dungeon (12/15)            Temple (1/1) D:5            Lair (0/6) D:11
    Orc (0/2) D:11

Altars:
Ashenzari
Cheibriados
Dithmenos
Elyvilon
Fedhas
Gozag
Hepliaklqana
Kikubaaqudgha
Makhleb
Okawaru
Sif Muna
Trog
Vehumet
Wu Jian
Xom
Yredelemnul
Zin
The Shining One

Shops:
D:5 *


Innate Abilities, Weirdness & Mutations

You are very small and have problems with some larger weapons.
You are too small for most types of armour.
You have supernaturally acute eyesight. (SInv)
You are a herbivore.
You cover ground extremely quickly.
You need consume almost no food.
You are partially covered in iridescent scales. (AC +2)
Your muscles are strong. (Str +2)


Message History

You shoot a sling bullet.
The sling bullet hits the centaur warrior!
The sling bullet freezes the centaur warrior.
The centaur warrior is severely wounded.
Firing (i - inventory. (/) - cycle)
z - 30 sling bullets (quivered)
Press: ? - help, Shift-Dir - straight line, f/p - centaur warrior
Aim: a centaur warrior, wielding a longbow (severely wounded)
You shoot a sling bullet.
The sling bullet hits the centaur warrior.
The sling bullet freezes the centaur warrior.
The centaur warrior is almost dead.
The centaur warrior shoots an arrow.
The arrow misses you.
Firing (i - inventory. (/) - cycle)
z - 29 sling bullets (quivered)
Press: ? - help, Shift-Dir - straight line, f/p - centaur warrior
Aim: a centaur warrior, wielding a longbow (almost dead)
You shoot a sling bullet.
The sling bullet barely misses the centaur warrior.
The centaur warrior shoots an arrow.
You block the arrow.
The manticore flicks its tail.
The volley of spikes misses you.
Firing (i - inventory. (/) - cycle)
z - 28 sling bullets (quivered)
Press: ? - help, Shift-Dir - straight line, f/p - centaur warrior
Aim: a centaur warrior, wielding a longbow (almost dead)
You shoot a sling bullet.
The sling bullet closely misses the centaur warrior.
Firing (i - inventory. (/) - cycle)
z - 27 sling bullets (quivered)
Press: ? - help, Shift-Dir - straight line, f/p - centaur warrior
Aim: a centaur warrior, wielding a longbow (almost dead)
You shoot a sling bullet.
The sling bullet closely misses the centaur warrior.
The centaur warrior shoots an arrow.
The arrow hits you!!
The manticore flicks its tail.
The volley of spikes hits you!
The barbed spikes become lodged in your body.
* * * LOW HITPOINT WARNING * * *
Firing (i - inventory. (/) - cycle)
z - 26 sling bullets (quivered)
Press: ? - help, Shift-Dir - straight line, f/p - centaur warrior
Aim: a centaur warrior, wielding a longbow (almost dead)
You shoot a sling bullet.
The sling bullet hits the centaur warrior but does no damage.
The centaur warrior is almost dead.
Firing (i - inventory. (/) - cycle)
z - 25 sling bullets (quivered)
Press: ? - help, Shift-Dir - straight line, f/p - centaur warrior
Aim: a centaur warrior, wielding a longbow (severely wounded)
You shoot a sling bullet.
The sling bullet hits the centaur warrior.
The sling bullet freezes the centaur warrior.
The centaur warrior is almost dead.
The centaur warrior shoots an arrow.
The arrow misses you.
Unknown command.
Firing (i - inventory. (/) - cycle)
z - 24 sling bullets (quivered)
Press: ? - help, Shift-Dir - straight line, f/p - centaur warrior
Aim: a centaur warrior, wielding a longbow (almost dead)
You shoot a sling bullet.
The sling bullet barely misses the centaur warrior.
Unknown command.
Firing (i - inventory. (/) - cycle)
z - 23 sling bullets (quivered)
Press: ? - help, Shift-Dir - straight line, f/p - centaur warrior
Aim: a centaur warrior, wielding a longbow (almost dead)
You shoot a sling bullet.
The sling bullet completely misses the centaur warrior.
The centaur warrior shoots an arrow.
The arrow hits you!!
You die...
Your body crumbles into a pile of gold.

#.# #.# ###### #.# #)#
##..... #.# #.#####.....#
#.##############.#.........#
#.....[............###.....#
#########....<.....# ##...##
#...##...#.# #..##
##.####....>.......
#.@.....#.###......
#.#####.#.# #...### #.#
#.#.# #...# #.# #.... ##c#
.#. #(H# . #........
#(....c.# #....H..#


You could see a centaur warrior and a manticore.

Vanquished Creatures
  5 two-headed ogres
  An ugly thing (D:11)
  2 gargoyles
  2 freezing wraiths (D:11)
  3 trolls (D:12)
  A hippogriff (D:8)
  Sigmund (D:3)
  2 wraiths (D:11)
  2 wyverns
  5 yaks (D:11)
  5 humans (D:6)
  3 hungry ghosts
  2 steam dragons
  3 vampire mosquitoes (D:12)
  3 wargs (D:11)
  2 hell hounds (D:11)
  5 ice beasts
  A sky beast (D:11)
  A necrophage (D:11)
  8 orc warriors
  2 black bears
  2 phantoms
  3 ogres
  9 centaurs
  A crocodile (D:5)
  3 big kobolds
  7 bullfrogs
  A gnoll sergeant (D:6)
  2 scorpions (D:7)
  19 killer bees
  13 wights
  An electric eel (D:7)
  6 howler monkeys
  4 crimson imps
  5 centaur zombies (Ossuary)
  3 bullfrog zombies
  A gnoll shaman (D:6)
  11 orc priests
  6 hounds
  2 jellies (D:8)
  3 centaur skeletons
  9 orc wizards
  Jessica (D:3)
  3 iguanas
  Natasha (thrice) (D:2)
  10 worker ants
  A big kobold zombie (Ossuary)
  A hound zombie (D:6)
  A hound skeleton (D:10)
  6 mummies (Ossuary)
  A worker ant zombie (D:7)
  9 gnolls (D:6)
  12 adders
  A shadow imp (D:10)
  4 adder skeletons
  2 worms (D:2)
  A dart slug (D:2)
  2 leopard geckos
  34 orcs
  2 ball pythons
  8 giant cockroaches
  10 goblins
  13 hobgoblins
  8 jackals
  23 kobolds
  3 quokkas
  9 bats
  2 frilled lizards (D:1)
  4 hobgoblin zombies (Ossuary)
  A leopard gecko zombie (D:6)
  8 rats
  A bush (D:8)
  2 plants (D:6)
356 creatures vanquished.

Vanquished Creatures (collateral kills)
  A worm (D:4)
  An orc (D:4)
  A frilled lizard (D:4)
3 creatures vanquished.

Vanquished Creatures (others)
  A bullfrog (D:4)
  An adder (D:4)
  An orc wizard (D:7)
  A leopard gecko (D:4)
4 creatures vanquished.

Grand Total: 363 creatures vanquished

Notes
Turn   | Place    | Note
-------+----------+-------------------------------------------
     0 | D:1      | Amnesiac the Spriggan Artificer began the quest for the Orb.
     0 | D:1      | Reached XP level 1. HP: 9/9 MP: 4/4
   173 | D:2      | Reached XP level 2. HP: 14/14 MP: 6/6
   195 | D:4      | Reached skill level 1 in Fighting
   195 | D:4      | Reached XP level 3. HP: 18/18 MP: 7/7
   223 | D:4      | Reached skill level 5 in Evocations
   246 | D:4      | Reached XP level 4. HP: 21/22 MP: 8/8
   339 | D:4      | Noticed a bullfrog
   619 | D:4      | Reached XP level 5. HP: 26/26 MP: 10/10
   675 | D:4      | Found a snail-covered altar of Cheibriados.
   965 | D:5      | Entered Level 5 of the Dungeon
   989 | D:5      | Noticed an ice beast
  1045 | D:5      | Noticed a centaur
  1081 | D:5      | HP: 1/26 [centaur/arrow (13)]
  1106 | D:5      | Gained mutation: You are partially covered in iridescent scales. (AC +2) [potion of mutation]
  1106 | D:5      | Gained mutation: Your muscles are strong. (Str +2) [potion of mutation]
  1107 | D:5      | HP: 1/26 [adder (1)]
  1164 | D:5      | Found Igikuq's General Store.
  1179 | D:5      | Found a bloodstained altar of Trog.
  1189 | D:5      | Found a staircase to the Ecumenical Temple.
  1197 | Temple   | Entered the Ecumenical Temple
  1208 | Temple   | Became a worshipper of Gozag Ym Sagoz the Greedy
  1480 | D:5      | Noticed a crocodile
  2156 | D:2      | Reached skill level 5 in Dodging
  2255 | D:2      | Reached XP level 6. HP: 30/30 MP: 11/11
  2419 | D:2      | Noticed Natasha
  2428 | D:2      | Killed Natasha
  2499 | D:2      | Found a faded altar of an unknown god.
  2566 | D:2      | Noticed Natasha
  2577 | D:2      | Killed Natasha
  2644 | D:2      | Noticed Natasha
  2654 | D:2      | Killed Natasha
  3095 | D:3      | Noticed Jessica
  3100 | D:3      | Killed Jessica
  3314 | D:3      | Noticed Sigmund
  3523 | D:3      | Killed Sigmund
  3523 | D:3      | Reached XP level 7. HP: 29/35 MP: 13/13
  4132 | D:5      | Reached skill level 1 in Shields
  4709 | D:6      | Got a twisted rapier
  4782 | D:6      | Noticed a human
  4786 | D:6      | Noticed a human
  4820 | D:6      | Killed a human
  4820 | D:6      | Reached XP level 8. HP: 38/40 MP: 14/14
  4851 | D:6      | Reached skill level 5 in Slings
  5062 | D:6      | Found a sand-covered staircase.
  5094 | Ossuary  | Entered an ossuary
  5836 | Ossuary  | Reached XP level 9. HP: 30/44 MP: 16/16
  6143 | D:6      | Found a basalt altar of Yredelemnul.
  6143 | D:6      | Found a deep blue altar of Sif Muna.
  6148 | D:6      | Found a blossoming altar of Fedhas.
  6151 | D:6      | Found an iron altar of Okawaru.
  6152 | D:6      | Found a faded altar of an unknown god.
  6330 | D:6      | Identified the +8 rapier "Usaox" {venom, rC++ Str+7 Int-2} (You found it on level 6 of the Dungeon)
  7055 | D:6      | Reached skill level 10 in Slings
  8918 | D:7      | Found a shattered altar of Ashenzari.
  9283 | D:7      | Reached XP level 10. HP: 49/49 MP: 17/17
  9411 | D:7      | Reached skill level 5 in Shields
  9848 | D:8      | Found a white marble altar of Elyvilon.
 10128 | D:8      | Learned a level 1 spell: Confusing Touch
 10132 | D:8      | Learned a level 3 spell: Confuse
 11553 | D:9      | Noticed a two-headed ogre
 11588 | D:9      | Killed a two-headed ogre
 11766 | D:9      | Noticed a two-headed ogre
 11830 | D:9      | Killed a two-headed ogre
 11830 | D:9      | Reached skill level 5 in Stealth
 12111 | D:9      | Reached XP level 11. HP: 23/52 MP: 18/18
 12480 | D:10     | Entered Level 10 of the Dungeon
 13933 | D:10     | Reached skill level 10 in Evocations
 14139 | D:11     | Noticed a two-headed ogre
 14147 | D:10     | Killed a two-headed ogre
 14281 | D:11     | Found a staircase to the Orcish Mines.
 14600 | D:11     | Noticed a cyan ugly thing
 14648 | D:11     | Killed a cyan ugly thing
 14764 | D:11     | Noticed a death knight
 15645 | D:11     | Found a staircase to the Lair.
 15726 | D:11     | Noticed a two-headed ogre
 15736 | D:11     | Killed a two-headed ogre
 15736 | D:11     | Reached skill level 5 in Fighting
 16001 | D:11     | Noticed a two-headed ogre
 16036 | D:11     | Killed a two-headed ogre
 16115 | D:11     | Reached XP level 12. HP: 54/60 MP: 22/22
 16362 | D:12     | Reached skill level 5 in Short Blades
 16555 | D:12     | Noticed a centaur warrior
 16577 | D:12     | Shot with an arrow by a centaur warrior

Vault maps used:
D:1:      grunt_arrival_lava_bath
D:2:      first_ration, chequers_ecumenical_altar_twisty, uniq_natasha
D:3:      uniq_sigmund, uniq_jessica
D:4:      lemuel_doored_altar
D:5:      old_standard_altar, minmay_temple_entry_trees, serial_shops,
          nicolae_shop_competitors_out_of_business
D:6:      kennysheep_housing_project, chequers_temple_overflow_minitemple,
          lightli_ossuary_entry_decrepit_ruins, minmay_ruffians
D:7:      old_standard_altar, minivault_14
D:8:      lemuel_round_altar, grunt_pizzeria, kb_lookout_dungeons_type
D:9:      wad_floor_pattern_1
D:10:     st_stairs_8
D:11:     minmay_lair_entry_lava, minmay_orc_entry_guard_dogs
D:12:     serial_shops, shop
Temple:   eino_temple_lava
Ossuary:  ossuary_the_hunt_dpeg

Skill      XL: |  1  2  3  4  5  6  7  8  9 10 11 12 |
---------------+-------------------------------------+-----
Fighting       | 1 2 3 5 |  5.4
Stealth        | 2 3 4 5 6 |  6.0
Short Blades   | 2 4 5 |  5.1
Evocations     | 5 6 7 8 9 12 | 12.4
Dodging        | 4 5 6 9 |  9.7
Shields        | 2 3 4 7 |  7.2
Slings         | 4 8 11 12 | 12.0

Action                   |  1- 3 |  4- 6 |  7- 9 | 10-12 || total
-------------------------+-------+-------+-------+-------++-------
Melee: Short sword       |    26 |   151 |       |       ||   177
       Dagger            |     8 |     7 |       |       ||    15
       Rapier            |       |       |    65 |    20 ||    85
 Fire: Hunting sling     |       |   104 |   687 |  1331 ||  2122
Evoke: Wand              |     6 |    32 |     1 |       ||    39
  Use: Scroll            |       |     8 |     3 |     1 ||    12
       Potion            |       |     3 |     1 |       ||     4
 Stab: Sleeping          |     2 |     3 |       |       ||     5
       Paralysed         |     2 |       |       |       ||     2
  Eat: Ration            |       |       |     4 |     7 ||    11
Armor: Robe              |     2 |    32 |    39 |    22 ||    95
Dodge: Dodged            |    30 |   206 |   250 |   253 ||   739
Block: Buckler           |       |       |       |   105 ||   105

Table legend:
 A = Spawn XP
 B = Non-spawn XP
 C = Spawn XP percentage of total XP
 D = Spawn monster count
 E = Non-spawn monster count
 F = Spawn count percentage of total count
 G = Total turns spent on level
                    A         B        C        D         E        F      G
               +---------+---------+-------+---------+---------+-------+---------
         Total |       0 |   23766 |   0.0 |       0 |     356 |   0.0 | 16577
               +---------+---------+-------+---------+---------+-------+---------
           D:1 |       0 |      56 |   0.0 |       0 |      29 |   0.0 |   680
           D:2 |       0 |     144 |   0.0 |       0 |      22 |   0.0 |  1056
           D:3 |       0 |     292 |   0.0 |       0 |      11 |   0.0 |   642
           D:4 |       0 |     411 |   0.0 |       0 |      22 |   0.0 |  1002
           D:5 |       0 |     291 |   0.0 |       0 |       7 |   0.0 |   822
           D:6 |       0 |    3095 |   0.0 |       0 |      55 |   0.0 |  2633
           D:7 |       0 |    1526 |   0.0 |       0 |      37 |   0.0 |  1763
           D:8 |       0 |    1639 |   0.0 |       0 |      27 |   0.0 |  1336
           D:9 |       0 |    3620 |   0.0 |       0 |      31 |   0.0 |  1712
          D:10 |       0 |    3322 |   0.0 |       0 |      46 |   0.0 |  1579
          D:11 |       0 |    7303 |   0.0 |       0 |      43 |   0.0 |  1859
          D:12 |       0 |    1703 |   0.0 |       0 |      10 |   0.0 |   243
       Ossuary |       0 |     364 |   0.0 |       0 |      16 |   0.0 |   992
               +---------+---------+-------+---------+---------+-------+---------
